 Dungeon Crawl Stone Soup version 0.28-a0-1084-ga282ea246d (webtiles) character file.

Game seed: 48426136235809891

116435 27snakeeyes612 the Unseen (level 16, -5/74 HPs)
             Began as a Spriggan Enchanter on Dec 7, 2021.
             Was the Champion of Dithmenos.
             Slain by an Executioner (6 damage)
             ... summoned by Asterion
             ... on level 2 of the Lair of Beasts on Dec 10, 2021.
             The game lasted 02:42:40 (35468 turns).

27snakeeyes612 the Unseen (Spriggan Enchanter)     Turns: 35468, Time: 02:42:41

Health: -5/74      AC:  9    Str: 11    XL:     16   Next: 20%
Magic:  32/36      EV: 34    Int: 27    God:    Dithmenos [******]
Gold:   2314       SH:  0    Dex: 24    Spells: 37/45 levels left

rFire   . . .      SeeInvis +   W - +6 short sword of Gilat {elec, Fly Str+4}
rCold   . . .      Faith    .   (shield restricted)
rNeg    . . .      Spirit   .   u - +1 steam dragon scales
rPois   +          Reflect  .   e - +2 hat {Stlth+}
rElec   .          Harm     .   S - +0 cloak
rCorr   .          Rampage  .   (gloves unavailable)
Will    ++...                   (boots unavailable) Stlth ******++++
                                B - amulet of the acrobat
HPRegen 0.22/turn               A - ring of poison resistance
MPRegen 0.25/turn               U - ring of Xom's Wantonness {Contam Fly Str+3 Int+8 Dex+3}

@: flying, wreathed by umbra, very quick
A: very small, no large weapons, unfitting armour, see invisible, speed 3
a: Renounce Religion, Shadow Step, Shadow Form


You were on level 2 of the Lair of Beasts.
You worshipped Dithmenos.
Dithmenos was exalted by your worship.
You visited 5 branches of the dungeon, and saw 25 of its levels.
You also visited: Volcano.

You collected 2314 gold pieces.

Inventory:

Hand Weapons
 g - a +2 dagger of flaming
 i - a +0 rapier of protection
 s - a +1 short sword of speed
 K - a +2 fustibalus of flaming
 W - the +6 short sword of Gilat (weapon) {elec, Fly Str+4}
   (You found it on level 1 of the Lair of Beasts)

   It occasionally discharges a powerful burst of electricity upon striking a
   foe.
   Str:       It affects your strength (+4).
   Fly:       It grants you flight.
Missiles
 d - 47 poisoned darts
 f - 609 stones
 r - 132 sling bullets
Armour
 e - a +2 hat of stealth (worn)
 u - +1 steam dragon scales (worn)
 O - a +2 robe of cold resistance
 S - a +0 cloak (worn)
Jewellery
 a - a +4 ring of evasion
 o - a ring of fire
 w - a ring of positive energy
 A - a ring of poison resistance (left hand)
 B - an amulet of the acrobat (around neck)
 C - a ring of willpower
 D - a ring of flight
 H - a ring of resist corrosion
 N - a ring of ice
 U - the ring of Xom's Wantonness (right hand) {Contam Fly Str+3 Int+8 Dex+3}
   (You found it on level 6 of the Lair of Beasts)

   [ring of flight]

   Str:       It affects your strength (+3).
   Int:       It affects your intelligence (+8).
   Dex:       It affects your dexterity (+3).
   Fly:       It grants you flight.
   Contam:    It causes magical contamination when unequipped.
Wands
 b - a wand of digging (33)
 j - a wand of mindburst (3)
 q - a wand of charming (17)
 M - a wand of flame (36)
 P - a wand of polymorph (4)
 R - a wand of iceblast (7)
Scrolls
 h - 8 scrolls of teleportation
 m - 2 scrolls of amnesia
 v - 2 scrolls of fog
 y - a scroll of magic mapping
 G - 2 scrolls of enchant weapon
 I - 2 scrolls of blinking
Potions
 c - 3 potions of invisibility
 k - 6 potions of mutation
 l - 4 potions of curing
 p - a potion of might
 t - 4 potions of haste
 x - a potion of resistance
 z - 2 potions of magic
 E - 2 potions of attraction
 F - 2 potions of lignification
 J - a potion of cancellation
 L - 5 potions of brilliance
 Q - a potion of berserk rage {unknown}
 T - a potion of ambrosia {unknown}
 V - a potion of flight {unknown}
 X - 2 potions of heal wounds
Miscellaneous
 n - a piece from Xom's chessboard (15/15)


   Skills:
 - Level 3.9 Fighting
 + Level 13.3 Short Blades
 - Level 7.9 Slings
 + Level 15.9 Dodging
 + Level 18.9 Stealth
 + Level 15.0 Spellcasting
 + Level 15.0 Hexes
 - Level 5.0 Summonings
 - Level 2.0 Ice Magic
 + Level 1.7 Earth Magic
 - Level 6.4 Invocations


You had 37 spell levels left.
You knew the following spells:

 Your Spells              Type           Power      Damage    Failure   Level
a - Ensorcelled Hibernat  Hex/Ice        100%       N/A       1%          2
b - Confusing Touch       Hex            80%        N/A       0%          3
c - Tukima's Dance        Hex            80%        N/A       0%          3

Your spell library contained the following spells:

 Spells                   Type           Power      Damage    Failure   Level
 Summon Small Mammal      Summ           100%       N/A       1%          1
 Call Imp                 Summ           47%        N/A       1%          2
 Call Canine Familiar     Summ           47%        N/A       1%          3
 Dazzling Flash           Conj/Hex       100%       N/A       1%          3
 Portal Projectile        Hex/Tloc       100%       N/A       1%          3
 Fulminant Prism          Conj/Hex       28%        3d14      1%          4
 Leda's Liquefaction      Hex/Erth       30%        N/A       1%          4
 Magic Dart               Conj           80%        1d7       2%          1
 Shock                    Conj/Air       80%        1d8       2%          1
 Corpse Rot               Necr/Air       40%        N/A       3%          2
 Poisonous Vapours        Pois/Air       40%        N/A       3%          2
 Yara's Violent Unravell  Hex/Tmut       28%        3d12      3%          5
 Stone Arrow              Conj/Erth      48%        3d10      5%          3
 Animate Armour           Summ/Erth      76%        N/A       6%          4
 Gell's Gravitas          Tloc           20%        N/A       8%          3
 Mephitic Cloud           Conj/Pois/Air  20%        N/A       8%          3
 Teleport Other           Tloc           20%        N/A       8%          3
 Iskenderun's Mystic Bla  Conj/Tloc      20%        2d6       26%         4
 Passage of Golubria      Tloc           20%        N/A       26%         4
 Summon Forest            Summ/Tloc      16%        N/A       26%         5
 Lee's Rapid Deconstruct  Erth           14%        3d10*     34%         5
 Summon Hydra             Summ           23%        N/A       95%         7
 Dispersal                Tloc           10%        N/A       98%         6
 Eringya's Noxious Bog    Tmut/Pois      10%        N/A       98%         6
 Lehudib's Crystal Spear  Conj/Erth      12%        10d4      100%        8


Dungeon Overview and Level Annotations

Branches:
Dungeon (15/15)            Temple (1/1) D:5            Lair (6/6) D:11
 Shoals (0/4) Lair:3       Spider (2/4) Lair:2        Slime (0/5) Lair:5
    Orc (0/2) D:10         Vaults (0/5) D:13         Depths (1/4) D:15
Volcano (visited)

Altars:
Cheibriados
Dithmenos
Elyvilon
Gozag
Hepliaklqana
Makhleb
Okawaru
Ru
Sif Muna
Trog
Uskayaw
Vehumet
Wu Jian
Yredelemnul
Zin
The Shining One
Jiyva

Shops:
D:4 *   D:8 [

Annotations:
D:11 3 runed translucent doors, TheNamelessOne's ghost, journeyman FoFi
Lair:2 Asterion
Lair:5 1 runed translucent door


Innate Abilities, Weirdness & Mutations

You are very small and have problems with some larger weapons.
You are too small for most types of armour.
You have supernaturally acute eyesight. (SInv)
You cover ground extremely quickly. (Speed+++)


Message History

Asterion bellows!
Asterion hits you with a +2 demon whip of flaming!
You emit a cloud of dark smoke.
Asterion burns you. Asterion misses you.
Casting: Ensorcelled Hibernation (safe; 1% risk of failure)
Confirm with . or Enter, or press ? or * to list all spells.
Your hands begin to glow red.
Asterion misses you. Asterion gores you but does no damage.
Asterion blocks your attack. Asterion blocks your shadow's attack.
You hit Asterion but do no damage.
Your shadow hits Asterion but does no damage.
Asterion barely misses you. Asterion misses you.
You hit Asterion but do no damage. Asterion blocks your attack.
Your shadow hits Asterion with a short sword.
Asterion conjures a destructive force in the name of Makhleb!
The sticky flame hits you!
You are covered in liquid flames!
You are covered in liquid flames!
You are covered in liquid flames!
You are covered in liquid flames!
Asterion mumbles some strange prayers to Makhleb.
Asterion seems to speed up.
Asterion prays to Makhleb.
The Executioner gestures.
The Executioner seems to speed up.
Your hands stop glowing.
The Executioner completely misses you. x3
The Executioner completely misses you. The Executioner misses you.
The Executioner completely misses you. The Executioner hits you!
* * * LOW HITPOINT WARNING * * *
The Executioner hits you!
* * * LOW HITPOINT WARNING * * *
The Executioner completely misses you.
You feel better. The Executioner hits you!!
* * * LOW HITPOINT WARNING * * *
The Executioner misses you. The Executioner completely misses you.
The Executioner misses you. The Executioner completely misses you.
The Executioner hits you.
You die...

####...###.###...#...#....[..##..
#P##....##.##...###..#.#....####.
...#...P##.##...# #..#.#...####..
.......##.)##..## ##..##...##....
.......###.....# #...#.........
.......# #####.#####.............
.......#######..#.#...........#.#
#...#..P##..#....#..........#####
...##P..........@....#........#
..####.....<....#1..##.......####
.##.##..##.#...##P..##........##.
...#....###...####..#............
.........#P...##..........#......
.......................#.####....
.......................##........
........................##.P...#.
...........................1H#.##


You could see an Executioner (summoned, fast).

Vanquished Creatures
  Rupert (Lair:2)
  Gastronok (Lair:2)
  Frances (Lair:2)
  A dire elephant (Lair:3)
  An entropy weaver (Lair:2)
  Snorg (D:12)
  The ghost of Astera the Grappler, a journeyman TrFi of Ru (D:10)
  A vault guard (D:13)
  Fannar (Lair:3)
  13 hydras
  6 boulder beetles
  3 catoblepae
  2 centaur warriors
  Erica (Lair:2)
  A death knight (D:12)
  3 two-headed ogres
  The ghost of hansi the Covert, a journeyman KoEn of Dithmenos (D:10)
  A deep troll shaman (Lair:6)
  10 death yaks
  The ghost of FDRCH the Basher, a novice GrFi of Okawaru (D:10)
  Nergalle (D:12)
  4 skeletal warriors
  The ghost of flestrin the Thaumaturge, a novice DECj of Vehumet (D:10)
  A phantasmal warrior (D:15)
  A lindwurm (shapeshifter) (D:13)
  2 lindwurms
  An anaconda skeleton (Volcano)
  8 orb spiders (Spider:1)
  A necromancer (D:15)
  A golden dragon skeleton (D:15)
  A deep elf pyromancer (D:15)
  11 wolf spiders
  A cyclops (D:14)
  3 manticores
  5 ugly things
  29 elephants
  8 black mambas
  An iron dragon skeleton (D:15)
  Maurice (D:8)
  13 cane toads
  5 gargoyles
  3 kobold demonologists (D:10)
  4 komodo dragons
  A cane toad (shapeshifter) (D:14)
  Maggie (Lair:2)
  A freezing wraith (D:14)
  4 rime drakes
  5 demonic crawlers (Lair:2)
  3 trolls
  4 merfolk (Lair:3)
  2 polar bears (Lair:6)
  Prince Ribbit (Lair:3)
  Grinder (D:6)
  2 blink frogs (Lair:3)
  19 jumping spiders
  A harpy skeleton (Volcano)
  3 meliai (D:15)
  2 hornets
  A spriggan zombie (D:15)
  20 slime creatures
  4 dream sheep (Lair:6)
  2 flying skulls (Volcano)
  Sigmund (D:2)
  An alligator skeleton (Volcano)
  25 redbacks
  A vampire (D:7)
  4 wraiths
  A spriggan (Lair:3)
  A shadow (D:10)
  A spriggan skeleton (D:15)
  7 wyverns
  12 tarantellas
  3 steam dragons
  8 basilisks
  3 fire bats (Lair:2)
  40 yaks
  11 vampire mosquitoes
  20 water moccasins
  A dancing weapon (D:6)
  An ice beast (D:7)
  2 orc warriors
  A necrophage (D:6)
  3 black bears
  30 wolves
  An ogre (D:6)
  A boggart (shapeshifter) (D:13)
  5 centaurs
  A phantom (D:5)
  3 kobold brigands (D:10)
  15 bullfrogs
  5 scorpions
  2 gnoll sergeants (D:12)
  A wyvern skeleton (D:4)
  A water moccasin skeleton (D:5)
  10 killer bees (D:9)
  A troll skeleton (Volcano)
  10 howler monkeys
  2 electric eels (Lair:5)
  8 centaur zombies
  A lava snake (D:15)
  3 hounds
  2 jellies (D:5)
  A bullfrog zombie (D:6)
  A centaur skeleton (D:6)
  4 orc priests
  5 orc wizards
  A scorpion zombie (D:5)
  Terence (D:2)
  2 iguanas
  4 hell rats (D:14)
  A naga skeleton (Volcano)
  2 hound skeletons (D:5)
  18 gnolls
  A howler monkey skeleton (D:5)
  7 adders
  4 river rats (D:5)
  2 ufetubi (D:6)
  6 worms
  A dart slug (D:1)
  14 orcs
  5 bats (D:1)
  5 endoplasms
  A giant cockroach (D:3)
  5 goblins
  6 hobgoblins
  18 kobolds
  11 quokkas
  4 ball pythons
  2 frilled lizards
  25 rats
640 creatures vanquished.

Vanquished Creatures (collateral kills)
  A two-headed ogre (D:11)
1 creature vanquished.

Vanquished Creatures (others)
  122 fungi
  121 plants
  8 withered plants
251 creatures vanquished.

Grand Total: 892 creatures vanquished

Notes
Turn   | Place    | Note
-------+----------+-------------------------------------------
     0 | D:1      | 27snakeeyes612 the Spriggan Enchanter began the quest for
                  | the Orb.
     0 | D:1      | Reached XP level 1. HP: 9/9 MP: 5/5
   452 | D:1      | Reached XP level 2. HP: 5/13 MP: 6/6
   464 | D:1      | Learned a level 2 spell: Ensorcelled Hibernation
  1267 | D:1      | Reached skill level 5 in Stealth
  1457 | D:2      | Reached XP level 3. HP: 16/16 MP: 3/8
  1514 | D:2      | Found a faded altar of an unknown god.
  1708 | D:2      | Noticed Terence
  1760 | D:2      | Killed Terence
  1761 | D:2      | Reached skill level 1 in Slings
  1765 | D:2      | Reached XP level 4. HP: 15/21 MP: 1/9
  2032 | D:2      | Noticed Sigmund
  2063 | D:2      | Killed Sigmund
  2064 | D:2      | Reached skill level 1 in Ice Magic
  2064 | D:2      | Reached XP level 5. HP: 12/24 MP: 6/11
  2466 | D:3      | Reached XP level 6. HP: 28/28 MP: 12/12
  2571 | D:3      | Found a glowing silver altar of Zin.
  2579 | D:3      | Found a shimmering blue altar of Sif Muna.
  2828 | D:3      | Reached skill level 6 in Stealth
  3232 | D:4      | Found Seyliula's Mayhem Merchandise.
  3778 | D:4      | Found a hazy altar of Hepliaklqana.
  3809 | D:5      | Entered Level 5 of the Dungeon
  3811 | D:5      | Reached skill level 5 in Hexes
  3811 | D:5      | Reached XP level 7. HP: 32/32 MP: 14/14
  4038 | D:4      | Learned a level 3 spell: Confusing Touch
  4352 | D:5      | Found a staircase to the Ecumenical Temple.
  4446 | Temple   | Entered the Ecumenical Temple
  4483 | Temple   | Became a worshipper of Dithmenos the Shadowed
  4666 | D:5      | Reached skill level 5 in Dodging
  4666 | D:5      | Reached skill level 7 in Stealth
  4853 | D:5      | Reached skill level 5 in Spellcasting
  4944 | D:5      | Got the Volume of Creative Weightlessness
  4949 | D:5      | Learned a level 3 spell: Tukima's Dance
  4990 | D:5      | Reached XP level 8. HP: 21/36 MP: 7/16
  5447 | D:5      | Reached * piety under Dithmenos
  5912 | D:6      | Noticed Grinder
  5913 | D:6      | Reached skill level 8 in Stealth
  5976 | D:6      | Killed Grinder
  6239 | D:6      | Reached skill level 5 in Slings
  6716 | D:6      | Reached XP level 9. HP: 39/39 MP: 19/19
  6776 | D:6      | Reached skill level 5 in Short Blades
  7065 | D:7      | Reached skill level 9 in Stealth
  8122 | D:8      | Found Zaumungica's Armour Shoppe.
  8171 | D:8      | Noticed Maurice
  8178 | D:8      | Killed Maurice
  8210 | D:8      | Reached skill level 11 in Stealth
  8210 | D:8      | Reached XP level 10. HP: 44/44 MP: 20/23
  8471 | D:8      | Reached ** piety under Dithmenos
  8662 | D:8      | Reached skill level 1 in Summonings
  8751 | D:8      | Noticed a white ugly thing
  8795 | D:8      | Killed a white ugly thing
  8796 | D:8      | Reached skill level 12 in Stealth
  9262 | D:9      | Found an iron altar of Okawaru.
  9321 | D:9      | Reached XP level 11. HP: 47/47 MP: 22/25
  9740 | D:9      | Identified a scroll of acquirement
  9740 | D:9      | Acquired 786 gold pieces
  9757 | D:9      | Noticed a boulder beetle
  9774 | D:9      | Killed a boulder beetle
  9916 | D:10     | Entered Level 10 of the Dungeon
  9978 | D:10     | Found a staircase to the Orcish Mines.
  9988 | D:10     | Found a runed translucent gate.
  9988 | D:10     | Found a runed translucent gate.
  9988 | D:10     | Found a runed translucent gate.
  9990 | D:10     | Noticed FDRCH's ghost (novice GrFi)
  9990 | D:10     | Noticed Astera's ghost (journeyman TrFi)
  9991 | D:10     | Noticed hansi's ghost (journeyman KoEn)
  9992 | D:10     | Noticed flestrin's ghost (novice DECj)
 10015 | D:10     | Reached skill level 10 in Dodging
 10380 | D:10     | Reached *** piety under Dithmenos
 10873 | D:11     | Noticed a death yak
 10873 | D:11     | Noticed a death yak
 10882 | D:11     | Noticed a death yak
 10883 | D:11     | Found a staircase to the Lair.
 10884 | D:11     | Noticed a death yak
 10885 | D:11     | Noticed a death yak
 11340 | D:10     | Killed a death yak
 11341 | D:10     | Reached skill level 10 in Hexes
 12015 | D:10     | Killed a death yak
 12456 | D:10     | Killed a death yak
 12457 | D:10     | Reached skill level 10 in Spellcasting
 12639 | D:10     | Killed a death yak
 12640 | D:10     | Reached skill level 13 in Stealth
 12803 | D:10     | Killed a death yak
 13278 | D:11     | Noticed a boulder beetle
 13282 | D:11     | Killed a boulder beetle
 13376 | D:11     | Reached XP level 12. HP: 51/51 MP: 24/27
 13467 | D:11     | Noticed TheNamelessOne's ghost (journeyman FoFi)
 13468 | D:11     | Noticed a tengu warrior
 13476 | D:11     | Found a runed translucent gate.
 13476 | D:11     | Found a runed translucent gate.
 13477 | D:11     | Found a runed translucent gate.
 13481 | D:11     | Noticed a two-headed ogre
 13512 | D:11     | Killed a two-headed ogre
 13518 | D:11     | Noticed a boulder beetle
 13521 | D:11     | a boulder beetle changed into a slime creature
 13537 | D:11     | Noticed an alligator
 13537 | D:11     | a tyrant leech changed into an alligator
 13543 | D:11     | an alligator changed into a tyrant leech
 13562 | D:11     | Noticed a dire elephant
 13562 | D:11     | a tyrant leech changed into a dire elephant
 13568 | D:11     | Noticed an azure jelly
 13568 | D:11     | a dire elephant changed into an azure jelly
 13854 | D:12     | Noticed a two-headed ogre
 13856 | D:12     | Noticed a boulder beetle
 13866 | D:12     | Killed a boulder beetle
 13959 | D:12     | Killed a two-headed ogre
 13994 | D:12     | Noticed Snorg
 14066 | D:12     | Killed Snorg
 14137 | D:12     | Noticed Nergalle
 14149 | D:12     | Killed Nergalle
 14253 | D:12     | Reached skill level 14 in Stealth
 14426 | D:12     | Reached **** piety under Dithmenos
 15043 | D:10     | Killed hansi's ghost
 15061 | D:10     | Killed FDRCH's ghost
 15148 | D:10     | Killed Astera's ghost
 15168 | D:10     | Killed flestrin's ghost
 15227 | Lair:1   | Entered Level 1 of the Lair of Beasts
 15228 | Lair:1   | Upgraded the game from 0.28-a0-1032-ga8db75c868 to
                  | 0.28-a0-1074-g3cb2360906
 15813 | Lair:1   | Reached skill level 5 in Summonings
 15971 | Lair:1   | Reached skill level 10 in Short Blades
 16019 | Lair:1   | Reached XP level 13. HP: 55/55 MP: 29/29
 16198 | Lair:2   | Reached skill level 1 in Invocations
 16221 | Lair:2   | Found a dark tunnel.
 16255 | Volcano  | Entered a volcano
 16544 | Volcano  | Reached skill level 15 in Stealth
 16555 | Volcano  | Reached ***** piety under Dithmenos
 16775 | Lair:2   | Noticed Erica
 16821 | Lair:2   | Killed Erica
 17198 | Lair:2   | Noticed Gastronok
 17306 | Lair:2   | Killed Gastronok
 17713 | Lair:2   | Noticed Maggie
 17716 | Lair:2   | Killed Maggie
 17840 | Lair:2   | Found a hole to the Spider Nest.
 18401 | Lair:3   | Noticed Prince Ribbit
 18409 | Lair:3   | Killed Prince Ribbit
 18411 | Lair:3   | Noticed Fannar
 18905 | Lair:3   | Reached skill level 16 in Stealth
 18986 | Lair:3   | Reached XP level 14. HP: 59/59 MP: 10/31
 19225 | Lair:3   | Killed Fannar
 19409 | Lair:3   | Found a staircase to the Shoals.
 20067 | Lair:4   | Reached skill level 5 in Invocations
 21076 | Lair:5   | Reached ****** piety under Dithmenos
 21428 | Lair:5   | Found a runed translucent door.
 21428 | Lair:5   | Found a viscous altar of Jiyva.
 21429 | Lair:5   | Found a staircase to the Slime Pits.
 21465 | Lair:6   | Entered Level 6 of the Lair of Beasts
 22333 | Lair:6   | Reached skill level 17 in Stealth
 22394 | Lair:6   | Identified the +7 whip "Kirriz" {vorpal, rElec rCorr Int+3
                  | Dex+3}
 22402 | Lair:6   | Found the +3 salamander hide armour {Flames rF++ rC--}
 23376 | Lair:6   | HP: 2/59 [something/blast of calcifying dust (7)]
 23945 | Lair:6   | Reached XP level 15. HP: 56/63 MP: 20/33
 24261 | Lair:6   | Identified the ring of Xom's Wantonness {Contam Fly Str+3
                  | Int+8 Dex+3}
 24614 | D:13     | Reached skill level 1 in Fighting
 25039 | D:13     | Found a gate to the Vaults.
 25779 | D:14     | Identified the +9 long sword "Julaen" {flame, rN++ Str-3}
 25973 | Lair:1   | Identified the +6 short sword of Gilat {elec, Fly Str+4}
 26349 | D:14     | Reached skill level 15 in Dodging
 26585 | D:14     | Reached skill level 18 in Stealth
 26911 | D:15     | Entered Level 15 of the Dungeon
 26913 | D:15     | Found a staircase to the Depths.
 27476 | Depths:1 | Entered Level 1 of the Depths
 28203 | Spider:1 | Entered Level 1 of the Spider Nest
 28793 | Lair:2   | Upgraded the game from 0.28-a0-1074-g3cb2360906 to
                  | 0.28-a0-1084-ga282ea246d
 30782 | Spider:1 | Noticed Rupert
 30796 | Spider:1 | Noticed Frances
 31458 | Lair:2   | Killed Frances
 31705 | Lair:2   | Reached XP level 16. HP: 60/74 MP: 28/35
 33111 | Lair:2   | HP: 1/74 [poisoned by a redback]
 33517 | Lair:2   | Reached skill level 1 in Earth Magic
 34114 | Spider:1 | Reached skill level 15 in Hexes
 34210 | Lair:2   | Paralysed by Rupert for 7 turns
 34250 | Lair:2   | Killed Rupert
 34481 | Spider:1 | Reached skill level 15 in Spellcasting
 34550 | Spider:1 | Noticed Asterion
 35454 | Lair:2   | Noticed an Executioner
 35468 | Lair:2   | HP: 1/74 [Executioner[Asterion] (24)]
 35468 | Lair:2   | Slain by an Executioner

Illustrated notes

Levels and vault maps discovered:
D:1:      co_arrival_random_square_maze, layout_loops_ring
D:2:      layout_basic, shapermc_ecumenical_altar_flowoftime, uniq_sigmund,
          uniq_terence
D:3:      layout_rooms, amethyst_overflow_temple_binary, nicolae_wormholes
D:4:      layout_rooms, lemuel_coloured_pillars_altar, serial_forest,
          infiniplex_forest_clump_double, infiniplex_forest_zigzag_2,
          infiniplex_forest_lined_3_way, infiniplex_forest_clump_diagonal,
          infiniplex_forest_clump_double, infiniplex_forest_straight_2,
          minmay_shop_mayhem
D:5:      lemuel_ratsnest, layout_loops_cross, minmay_temple_entry_ruins
D:6:      layout_basic, uniq_grinder
D:7:      layout_layer_cave
D:8:      layout_loops_ring, serial_shops,
          nicolae_shop_temple_entry_statues_fountains, uniq_maurice
D:9:      layout_roguey, nicolae_overflow_hidden_temple, grunt_decor_cap
D:10:     layout_loops_ring, orc_0_dummy, gammafunk_ghost_cemetery,
          minmay_misc_feat_roman
D:11:     layout_gridville, dpeg_lair_monsters, gammafunk_ghost_split
D:12:     layout_basic, uniq_nergalle, uniq_snorg
D:13:     layout_cave_pools, david_vaults_4
D:14:     layout_basic, chequers_mini_garden, special_room
          [special_room_mythical_zoo]
D:15:     gammafunk_depths_entry_grave, layout_loops_corners,
          nicolae_lava_and_water
Temple:   mainiacjoe_temple_coin_purse
Lair:1:   layout_roguey, chequers_serial_rivers_room_b, disabler_island
Lair:2:   layout_layer_cave, nicolae_spider_entry_tight_spaces,
          nicolae_volcano_entry_batcave, uniq_maggie, uniq_gastronok, uniq_erica
Lair:3:   mu_elephants_graveyard, layout_regular_city,
          elwin_shoals_entry_stream, uniq_fannar, uniq_prince_ribbit2
Lair:4:   layout_loops_ring, nicolae_lair_yak_garden, grunt_megastairs_4,
          infiniplex_staircase_pool_2, serial_bayou_shore_a, lemuel_fruit_tree
Lair:5:   layout_cave_pods, slime_altar_2, chequers_serial_rivers_room_b,
          chequers_serial_rivers_room_a, nicolae_quartered_pool_super,
          chequers_serial_rivers_micro_a, serial_bayou_ford_a
Lair:6:   grunt_lair_end_beastmaster, layout_misc_corridors
Spider:1: lemuel_spider_zombies, gammafunk_ghost_cemetery, uniq_rupert,
          uniq_asterion, uniq_frances
Spider:2: layout_chambers
Depths:1: layout_gridlike, rand_demon_pan_entry_1, serial_bayou_lagoon_a,
          grunt_metal_band, nicolae_elemental_shop, st_stairs_2, drop_trap,
          lightli_church_of_beogh

Skill      XL: |  1  2  3  4  5  6  7  8  9 10 11 12 13 14 15 16 |
---------------+-------------------------------------------------+-----
Spellcasting   | 3 4 5 6 8 9 10 11 12 13 14 15 | 15.0
Hexes          | 4 5 6 9 10 11 12 13 14 15 | 15.0
Dodging        | 3 4 5 6 9 10 12 13 14 15 | 15.9
Stealth        | 5 6 7 8 11 12 13 14 16 17 18 | 18.9
Slings         | 1 2 3 5 7 |  7.9
Short Blades   | 2 3 4 7 8 10 11 12 13 | 13.3
Ice Magic      | 1 2 |  2.0
Summonings     | 1 3 5 |  5.0
Invocations    | 4 6 |  6.4
Fighting       | 3 |  3.9
Earth Magic    | 1 |  1.7

Action                   |  1- 3 |  4- 6 |  7- 9 | 10-12 | 13-15 | 16-18 || total
-------------------------+-------+-------+-------+-------+-------+-------++-------
Melee: Dagger            |    52 |    25 |   188 |   267 |   586 |       ||  1118
       Hunting sling     |     8 |       |     1 |       |       |       ||     9
       Short sword       |       |       |       |    93 |   250 |   110 ||   453
 Fire: Hunting sling     |    54 |    96 |    29 |    30 |       |       ||   209
       Fustibalus        |       |       |       |       |    11 |       ||    11
Throw: Dart              |    11 |       |       |    28 |     8 |       ||    47
 Cast: Ensorcelled Hiber |    10 |    19 |    35 |   220 |   371 |    50 ||   705
       Confusing Touch   |       |       |    18 |    21 |    62 |     3 ||   104
       Tukima's Dance    |       |       |     8 |     4 |       |       ||    12
Invok: Shadow Step       |       |       |       |       |     2 |     1 ||     3
Evoke: Wand              |       |       |       |     9 |    12 |       ||    21
  Use: Scroll            |     2 |     6 |     5 |    10 |    15 |       ||    38
       Potion            |       |       |     1 |     1 |     6 |     4 ||    12
 Stab: Sleeping          |     6 |    18 |    36 |   104 |   239 |    22 ||   425
       Confused          |       |       |    17 |    25 |    65 |       ||   107
       Distracted        |       |       |     1 |     3 |    11 |       ||    15
       Petrified         |       |       |       |       |    17 |       ||    17
       Petrifying        |       |       |       |       |     3 |       ||     3
       Paralysed         |       |       |       |       |     4 |       ||     4
Armor: Robe              |    10 |       |     9 |       |       |       ||    19
       Steam dragon scal |       |       |       |    23 |    84 |     6 ||   113
Dodge: Dodged            |    69 |    17 |   154 |   283 |  1300 |   194 ||  2017

Table legend: (Time is in decaauts)
 A = Elapsed time spent in this place.
 B = Non-inter-level travel time spent in this place.
 C = Inter-level travel time spent in this place.
 D = Time resting spent in this place.
 E = Time spent auto-exploring this place.
 F = Levels seen in this place.
 G = Mean time per level.
                   A        B        C        D        E       F      G
               +--------+--------+--------+--------+--------+-----+--------+
         Total |  28153 |  27442 |    711 |  14473 |    822 |  26 | 1082.8 |
       Dungeon |  13992 |  13550 |    442 |   5441 |    503 |  15 |  932.8 |
        Temple |     30 |     30 |      0 |      0 |      0 |   1 |   30.0 |
          Lair |  13281 |  13013 |    268 |   8721 |    312 |   6 | 2213.5 |
   Spider Nest |    448 |    448 |      0 |     72 |      5 |   2 |  224.0 |
        Depths |     19 |     19 |      0 |      0 |      0 |   1 |   19.0 |
       Volcano |    380 |    380 |      0 |    239 |      0 |   1 |  380.0 |
               +--------+--------+--------+--------+--------+-----+--------+

Top non-repeatable levels by time:
  Lair:2: 7521 daAuts
    D:10: 2421 daAuts
  Lair:3: 1559 daAuts
  Lair:6: 1530 daAuts
     D:5: 1513 daAuts
     D:1: 1056 daAuts
  Lair:5: 986 daAuts
     D:9: 983 daAuts
    D:14: 948 daAuts
  Lair:4: 897 daAuts
     D:7: 874 daAuts
     D:4: 821 daAuts
    D:12: 816 daAuts
  Lair:1: 786 daAuts
    D:15: 782 daAuts
